 Dungeon Crawl Stone Soup version 0.25-a0-661-g55ea3d2 (webtiles) character file.

Game seed: 17541138664572233694, levelgen mode: deterministic

508 ssssssssss the Ruffian (level 6, -1/61 HPs)
             Began as a Troll Fighter on Mar 24, 2020.
             Was an Initiate of Nemelex Xobeh.
             Slain by a wyvern (2 damage)
             ... on level 7 of the Dungeon.
             The game lasted 00:30:30 (3563 turns).

ssssssssss the Ruffian (Troll Fighter)              Turns: 3563, Time: 00:30:31

Health: -1/61      AC:  6    Str: 24 (25) XL:     6   Next: 98%
Magic:  5/5        EV:  9    Int:  2 (4)  God:    Nemelex Xobeh [......]
Gold:   268        SH: 10    Dex:  9 (11) Spells: 5/5 levels left

rFire    + . .     SeeInvis .   x - +2 dagger (drain)
rCold    . . .     Gourm    +   b - +1 kite shield
rNeg     . . .     Faith    .   l - +0 robe
rPois    .         Spirit   .   (helmet restricted)
rElec    .         Reflect  .   (no cloak)
rCorr    .         Harm     .   (gloves unavailable)
MR       .....                  (boots unavailable)
Stlth    +.........             u - amulet of rage
HPRegen  0.60/turn              h - ring of protection from fire
MPRegen  0.09/turn              (no ring)

@: lightly drained
A: large, unfitting armour, claws 3, fast metabolism 3, gourmand, regeneration
1, shaggy fur 1, tough skin 3
a: Draw Escape, Draw Destruction, Draw Summoning, Renounce Religion, Evoke
Berserk Rage


You were on level 7 of the Dungeon.
You worshipped Nemelex Xobeh.
Nemelex Xobeh was noncommittal.
You were full.

You visited 2 branches of the dungeon, and saw 7 of its levels.

You collected 268 gold pieces.

Inventory:

Hand Weapons
 x - a +2 dagger of draining (weapon)
Missiles
 f - 48 sling bullets
 g - 15 poisoned darts (quivered)
 y - 2 silver boomerangs
Armour
 b - a +1 kite shield (worn)
 l - a +0 robe (worn)
Jewellery
 h - a ring of protection from fire (left claw)
 u - an amulet of rage (around neck)
Scrolls
 k - a scroll of magic mapping
 m - 2 scrolls of identify
Potions
 c - a potion of might
Comestibles
 d - 4 rations


   Skills:
 + Level 3.2(2.8) Fighting
   Level 1.5(1.1) Long Blades
 + Level 3.8(3.4) Dodging
 + Level 0.5(0.1) Stealth
 + Level 3.7(3.2) Shields
 + Level 4.1(3.6) Unarmed Combat


You had 5 spell levels left.
You didn't know any spells.
Your spell library contained the following spells:

 Spells                   Type           Power        Failure   Level  Hunger
 Animate Skeleton         Necr           N/A          92%         1    ##.....
 Pain                     Necr           #...         92%         1    ##.....
 Vampiric Draining        Necr           #.........   100%        3    ####...
 Animate Dead             Necr           N/A          100%        4    #####..
 Agony                    Necr           #.......     100%        5    ######.


Dungeon Overview and Level Annotations

Branches:
Dungeon (7/15)             Temple (1/1) D:5

Altars:
Ashenzari
Cheibriados
Dithmenos
Elyvilon
Kikubaaqudgha
Makhleb
Nemelex Xobeh
Qazlal
Ru
Trog
Uskayaw
Vehumet
Wu Jian
Xom
Yredelemnul
Zin
The Shining One


Innate Abilities, Weirdness & Mutations

You are too large for most types of armour.
You have claws for hands.
Your metabolism is lightning-fast.
You like to eat raw meat.
Your natural rate of healing is unusually fast.
You are covered in fur. (AC +1)
You have extremely tough skin. (AC +3)


Message History

Found 16 gold pieces.
You block the bullfrog's attack. You block the bullfrog's attack.
Found a stone staircase leading down.
You see here 16 gold pieces.
You block the wyvern's attack.
The phantom blinks!
The wyvern barely misses you.
The sky beast flickers out of sight!
You block the bullfrog's attack. The wyvern bites you!
* * * LOW HITPOINT WARNING * * *
The wyvern seems to return to its normal shape.
The bullfrog hits you!
* * * LOW HITPOINT WARNING * * *
The wyvern barely misses you.
There is a stone staircase leading down here.
The bullfrog hits you.
* * * LOW HITPOINT WARNING * * *
The wyvern bites you.
You die...
Your body disappears without a glow.

#####.####### #.#
######### #####.##
#.......#
#......###.......#
..#...{.##.......#
#.#.#..W{......#
#.#...##.....h.#
#.######.....F.# #
..........Fl@#
.####.######## #.
#. .. ##


You could see a phantom, a wyvern, 2 bullfrogs and a hound.

Vanquished Creatures
  A sky beast (D:5)
  An ogre (D:4)
  A hound (D:4)
  A bullfrog skeleton (D:4)
  4 orc priests
  A worker ant (D:5)
  A howler monkey zombie (D:5)
  A howler monkey skeleton (D:5)
  3 adders
  A shadow imp (D:5)
  An adder zombie (D:5)
  2 worms
  3 dart slugs
  A leopard gecko (D:1)
  10 orcs
  4 giant cockroaches
  2 goblins
  A hobgoblin (D:2)
  5 kobolds (D:1)
  A quokka (D:4)
  2 ball pythons
  6 bats
  5 frilled lizards
  4 rats
62 creatures vanquished.

Vanquished Creatures (others)
  An orc (D:5)
  5 toadstools (D:1)
6 creatures vanquished.

Grand Total: 68 creatures vanquished

Notes
Turn   | Place    | Note
-------+----------+-------------------------------------------
     0 | D:1      | ssssssssss the Troll Fighter began the quest for the Orb.
     0 | D:1      | Reached XP level 1. HP: 22/22 MP: 0/0
    64 | D:1      | Reached XP level 2. HP: 29/29 MP: 1/1
   871 | D:2      | Reached XP level 3. HP: 33/36 MP: 2/2
  1475 | D:2      | You fall into a shaft and drop 2 floors!
  1488 | D:4      | Reached XP level 4. HP: 34/44 MP: 3/3
  1507 | D:4      | Reached skill level 3 in Unarmed Combat
  1529 | D:4      | Noticed an ogre
  1545 | D:4      | Reached XP level 5. HP: 45/52 MP: 4/4
  1553 | D:4      | Killed an ogre
  1569 | D:4      | Reached XP level 6. HP: 15/59 MP: 5/5
  2023 | D:5      | Entered Level 5 of the Dungeon
  2039 | D:5      | Reached skill level 4 in Unarmed Combat
  2154 | D:5      | Noticed a sky beast
  2173 | D:5      | Killed a sky beast
  2173 | D:5      | Reached skill level 1 in Long Blades
  2715 | D:5      | Found a staircase to the Ecumenical Temple.
  2725 | Temple   | Entered the Ecumenical Temple
  2776 | Temple   | Became a worshipper of Xom the Capricious
  2924 | Temple   | Fell from the grace of Xom
  2924 | Temple   | Became a worshipper of Nemelex Xobeh the Trickster
  3338 | D:6      | Received a gift from Nemelex Xobeh
  3478 | D:6      | XOM: medium Summ miscast
  3479 | D:6      | Noticed an orange demon
  3520 | D:7      | Noticed a wyvern
  3520 | D:7      | a black bear changed into a wyvern
  3524 | D:7      | Noticed a sky beast
  3527 | D:7      | Noticed an orc warrior
  3528 | D:7      | Noticed a water moccasin
  3539 | D:7      | Noticed a sky beast
  3563 | D:7      | HP: 1/61 [bullfrog (4)]
  3563 | D:7      | Slain by a wyvern

Levels and vault maps discovered:
D:1:      ldierk_walled_garden, layout_loops_ring, nrook_campfire,
          chequers_serial_rivers_micro_e, chequers_serial_rivers_room_b,
          chequers_garden
D:2:      layout_loops_corners, serial_co_window_serial, co_window_cross_1,
          co_window_cross_1, co_window_paths_b, co_window_paths_a,
          co_window_paths_a, co_window_corner_b, co_window_broadway_a,
          co_window_2corner, co_window_corner_b, co_window_of_opportunity_b,
          co_window_unsneaky_path_d, co_window_paths_c, co_window_paths_d,
          glass_columns_b, glass_columns_b, uniq_jessica
D:4:      layout_cave_pools
D:5:      layout_basic, lemuel_temple_firewalk_a
D:6:      layout_cave_pools
D:7:      layout_loops_cross, chequers_temple_overflow_statue_of_worship
Temple:   minmay_crystal_spiral_temple

Skill      XL: |  1  2  3  4  5  6 |
---------------+-------------------+-----
Dodging        | 3 |  3.8
Shields        | 3 |  3.7
Unarmed Combat | 3 4 |  4.1
Fighting       | 3 |  3.2
Long Blades    | 1 |  1.5
Stealth        | |  0.5

Action                   |  1- 3 |  4- 6 || total
-------------------------+-------+-------++-------
Melee: Unarmed           |   120 |    58 ||   178
       Great sword       |       |    70 ||    70
       Dagger            |       |    12 ||    12
Invok: Draw Destruction  |       |     4 ||     4
  Use: Potion            |     4 |     6 ||    10
       Scroll            |     3 |     5 ||     8
 Stab: Sleeping          |     1 |       ||     1
  Eat: Chunk             |    10 |    18 ||    28
       Ration            |       |     2 ||     2
Armor: Robe              |    87 |    57 ||   144
Dodge: Dodged            |    65 |    84 ||   149
Block: Kite shield       |    82 |    59 ||   141
       Rpst.: Great sword |       |    20 ||    20

Table legend:
 A = Non-vault XP
 B = Vault XP
 C = Vault XP percentage of total XP
 D = Non-vault monster count
 E = Vault monster count
 F = Vault count percentage of total count
                 A         B        C        D         E       F
            +---------+---------+-------+---------+---------+-------
      Total |     727 |       0 |   0.0 |      62 |       0 |   0.0
            +---------+---------+-------+---------+---------+-------
        D:1 |      38 |       0 |   0.0 |      22 |       0 |   0.0
        D:2 |      30 |       0 |   0.0 |      10 |       0 |   0.0
        D:4 |     377 |       0 |   0.0 |      13 |       0 |   0.0
        D:5 |     270 |       0 |   0.0 |      13 |       0 |   0.0
        D:6 |      12 |       0 |   0.0 |       4 |       0 |   0.0
            +---------+---------+-------+---------+---------+-------
